 Dungeon Crawl Stone Soup version 0.16.2-12-gd0ad4c3 (webtiles) character file.

286 musteatbrain the Sneak (level 6, -7/28 HPs)
             Began as a Spriggan Enchanter on Sept 28, 2015.
             Killed by divine providence
             ... invoked by an orc priest
              (15 damage)
             ... on level 4 of the Dungeon.
             The game lasted 00:19:34 (5328 turns).

musteatbrain the Sneak (Spriggan Enchanter)         Turns: 5328, Time: 00:19:34

Health: -7/28      AC:  3    Str:  6      XL:     6   Next: 8%
Magic:  13/17      EV: 19    Int: 16      God:
Gold:   186        SH:  0    Dex: 16 (17) Spells: 3 memorised, 4 levels left

rFire  . . .     SeeInvis +     a - +1 dagger
rCold  . . .     Clarity  .     b - +1 robe
rNeg   . . .     SustAb   .     (shield restricted)
rPois  .         Gourm    .     (helmet restricted)
rElec  .         Spirit   .     (no cloak)
rCorr  .         Warding  .     (gloves unavailable)
rMut   .         Stasis   .     (boots unavailable)
MR     +....                    (no amulet)
Stlth  ++++......               (no ring)
                                (no ring)

@: very quick, somewhat resistant to hostile enchantments, stealthy
A: unfitting armour, see invisible, herbivore 3, speed 3, slow metabolism 2
a: no special abilities


You were on level 4 of the Dungeon.
You were not hungry.

You visited 1 branch of the dungeon, and saw 4 of its levels.

You collected 186 gold pieces.

Inventory:

Hand weapons
 a - a +1 dagger (weapon)
Armour
 b - a +1 robe (worn)
Jewellery
 k - a cursed ring of loudness {unknown}
 o - an uncursed ring of protection from cold {unknown}
Scrolls
 e - a scroll of noise {unknown}
 g - 4 scrolls of remove curse
 i - a scroll of random uselessness {unknown}
 j - a scroll of identify
 m - a scroll of immolation {unknown}
 n - a scroll of amnesia {unknown}
 r - a scroll of teleportation {unknown}
 s - a scroll of fog {unknown}
 t - a scroll of recharging
Potions
 f - a potion of flight {unknown}
 h - 2 potions of magic
 p - 2 potions of haste
 q - a potion of heal wounds
Books
 c - a book of Maledictions

   Spells                             Type                      Level
   a - Corona                         Hexes                        1
   b - Sure Blade                     Hexes/Charms                 2
   c - Ensorcelled Hibernation        Hexes/Ice                    2
   d - Confuse                        Hexes                        3
   e - Dazzling Spray                 Conjuration/Hexes            3
   f - Enslavement                    Hexes                        4
Comestibles
 d - 2 bread rations
 l - 2 royal jellies


   Skills:
 + Level 5.2 Short Blades
 + Level 4.4 Dodging
 + Level 6.3 Stealth
 - Level 2.6 Spellcasting
 + Level 3.8 Hexes


You had 4 spell levels left.
You knew the following spells:

 Your Spells              Type           Power        Failure   Level  Hunger
a - Corona                Hex            ##.....      4%          1    #......
b - Ensorcelled Hibernat  Hex/Ice        #.....       14%         2    ##.....
c - Confuse               Hex            ##......     12%         3    ###....


Dungeon Overview and Level Annotations

Branches:
Dungeon (4/15)             Temple (0/1) D:4

Altars:
Makhleb
Okawaru


Innate Abilities, Weirdness & Mutations

You are tiny and cannot use many weapons and most armour.
You have supernaturally acute eyesight.
You are a herbivore.
You cover ground extremely quickly.
You need consume almost no food.


Message History

Press: ? - help, Shift-Dir - straight line, f/p - orc wizard
Aim: an orc wizard, wielding a dagger and wearing a robe (chance 39%)
The orc wizard resists with some effort.
The orc wizard points at you and mumbles some strange words.
The magic dart hits you!
Casting: Ensorcelled Hibernation
Confirm with . or Enter, or press ? or * to list all spells.
Aiming: Ensorcelled Hibernation
Press: ? - help, Shift-Dir - straight line, f/p - orc wizard
Aim: an orc wizard, wielding a dagger and wearing a robe (chance 39%)
The orc wizard looks drowsy...
You hit the orc.
The orc is moderately wounded.
The orc hits you with a short sword!
* * * LOW HITPOINT WARNING * * *
Found a spear.
Found two stairs.
The orc priest mumbles some strange prayers to Beogh against you.
Something smites you!
Ouch! That really hurt!
You die...

.# # .# ...
####.###
.##..#8>8...#
...).#....).## #
###......<...##
..
..............>..
..
.....###@.#.....#
..# ............#
....
.........#..#
....
>.....#...#.#
...)
#.......o...###
.####
#.#....#.#o...#
.....
..#....#o#..o.#
###..
...........#.##
####
######........#.#


You could see an orc priest, an orc wizard and an orc.

Vanquished Creatures
  The ghost of musteatbrain the Sneak, an average SpEn (D:3)
  An orc priest (D:3)
  Jessica (D:3)
  6 adders
  2 gnolls (D:3)
  3 worms (D:2)
  An adder zombie (D:3)
  A giant gecko (D:4)
  10 orcs (D:3)
  6 giant cockroaches
  5 goblins
  8 hobgoblins
  4 jackals
  2 ball pythons
  9 bats
  4 giant newts
  4 kobolds
  4 quokkas
  6 rats
78 creatures vanquished.

Notes
Turn   | Place    | Note
--------------------------------------------------------------
     0 | D:1      | musteatbrain, the Spriggan Enchanter, began the quest for the Orb.
     0 | D:1      | Reached XP level 1. HP: 9/9 MP: 4/4
   517 | D:1      | Reached XP level 2. HP: 11/13 MP: 7/7
   861 | D:2      | Found a burning altar of Makhleb.
  1015 | D:2      | Found an iron altar of Okawaru.
  1913 | D:2      | Reached XP level 3. HP: 8/16 MP: 9/9
  2312 | D:2      | Learned a level 2 spell: Ensorcelled Hibernation
  3116 | D:3      | Reached XP level 4. HP: 21/21 MP: 12/12
  3162 | D:3      | Noticed Jessica
  3250 | D:3      | Killed Jessica
  3351 | D:3      | Noticed musteatbrain's ghost (average SpEn)
  3498 | D:3      | Killed musteatbrain's ghost
  3498 | D:3      | Reached skill level 5 in Stealth
  3498 | D:3      | Reached XP level 5. HP: 19/24 MP: 14/14
  3812 | D:3      | Reached skill level 5 in Short Blades
  3905 | D:3      | Learned a level 3 spell: Confuse
  4245 | D:3      | Reached skill level 6 in Stealth
  5044 | D:3      | Reached XP level 6. HP: 22/28 MP: 17/17
  5324 | D:4      | Found a staircase to the Ecumenical Temple.
  5328 | D:4      | Killed from afar by an orc priest

Action                   |  1- 3 |  4- 6 || total
-------------------------+-------+-------++-------
Melee: Dagger            |   162 |   270 ||   432
 Cast: Ensorcelled Hiber |     7 |    22 ||    29
       Corona            |     5 |     7 ||    12
  Use: Potion            |       |     7 ||     7
       Scroll            |       |     4 ||     4
 Stab: Sleeping          |     9 |     9 ||    18
       Distracted        |       |     2 ||     2
  Eat: Bread ration      |     1 |       ||     1
